 Dungeon Crawl Stone Soup version 0.31-a0-986-g5e6e4ef867 (webtiles) character file.

Game seed: 7098247250449254833

67 Jakobjh the Grave Robber (level 4, -9/31 HPs)
             Began as a Merfolk Necromancer on Nov 9, 2023.
             Killed by nerve-wracking pain
             ... invoked by an orc priest
              (12 damage)
             ... on level 3 of the Dungeon.
             The game lasted 00:05:00 (1217 turns).

Jakobjh the Grave Robber (Merfolk Necromancer)      Turns: 1217, Time: 00:05:01

Health: -9/31      AC:  2    Str:  8    XL:     4   Next: 18%
Magic:  7/7        EV: 13    Int: 16    God:
Gold:   94         SH:  0    Dex: 14    Spells: 7/8 levels left

rFire   . . .        k - +9 dagger "Loynlidd" {flame, rPois}
rCold   . . .        (no shield)
rNeg    . . .        a - +0 robe
rPois   +            (no helmet)
rElec   .            (no cloak)
rCorr   .            (no gloves)
SInv    .            (no boots)
Will    .....        (no amulet)
Stlth   ++           (no ring)
HPRegen 0.25/turn    (no ring)
MPRegen 0.10/turn

%: no passive effects
@: no status effects
A: (nimble swimmer 2), mertail
a: no special abilities


You were on level 3 of the Dungeon.
You visited 1 branch of the dungeon, and saw 3 of its levels.

You collected 94 gold pieces.

Inventory:

Hand Weapons
 k - the +9 dagger "Loynlidd" (weapon) {flame, rPois}
   (You found it on level 3 of the Dungeon)

   rPois:     It protects you from poison
Armour
 a - a +0 robe (worn)
Jewellery
 i - a +6 ring of dexterity
Scrolls
 e - a scroll of teleportation {unknown}
 f - 4 scrolls of identify {unknown}
 j - 2 scrolls of blinking {unknown}
Potions
 b - a potion of magic
 c - a potion of enlightenment {unknown}
 d - 2 potions of curing {unknown}
 h - a potion of resistance {unknown}


   Skills:
 + Level 0.5 Fighting
 + Level 1.1 Short Blades
 + Level 3.0 Dodging
 + Level 2.5 Stealth
 + Level 2.5 Spellcasting
 + Level 4.0 Necromancy


You had 7 spell levels left.
You knew the following spells:

 Your Spells              Type           Power      Damage    Failure   Level
a - Necrotise             Necr           56%        1d6       3%          1

Your spell library contained the following spells:

 Spells                   Type           Power      Damage    Failure   Level
 Vampiric Draining        Necr           14%        2d7       12%         3
 Animate Dead             Necr           14%        N/A       36%         4
 Hailstorm                Conj/Ice       2%         3d3       52%         3
 Agony                    Necr           14%        N/A       71%         5
 Summon Ice Beast         Ice/Summ       2%         N/A       89%         4
 Simulacrum               Ice/Necr       4%         N/A       100%        6


Dungeon Overview and Level Annotations

Branches:
Dungeon (3/15)

Altars:


Innate Abilities, Weirdness & Mutations

((You are very nimble when in or above water. (Stealth+, EV+, Speed+++)))
Your lower body shifts to a powerful aquatic tail in water.


Message History

You puncture the orc! You burn the orc.
You kill the orc!
The orc priest invokes the aid of Beogh against you.
Pain shoots through your body!
Your Short Blades skill increases to level 1!
You barely miss the orc.
The orc priest hits you from afar with a +0 trident.
The orc hits you with a +0 flail.
You hit the orc. You burn the orc.
The orc is heavily wounded.
The orc barely misses you. The orc priest barely misses you.
You puncture the orc! You burn the orc.
You kill the orc!
The bat hits you.
You puncture the bat! You burn the bat.
You kill the bat!
The orc priest begins to cast a cantrip, but forgets the words!
You hit the goblin. You burn the goblin.
You kill the goblin!
The orc priest hits you from afar with a +0 trident!
A gnoll comes into view. It is wielding a +0 club.
Found 12 gold pieces.
The gnoll shouts!
The orc priest looks encouraged for a moment.
The gnoll moves out of view.
Items here: )))) [ †.
A goblin comes into view. It is wielding a +0 dagger.
The orc priest begins to cast a cantrip, but forgets the words!
A gnoll comes into view. It is wielding a +0 club.
The orc priest hits you with a +0 trident.
* * * LOW HITPOINT WARNING * * *
The goblin hits you but does no damage.
The orc priest hits you with a +0 trident.
* * * LOW HITPOINT WARNING * * *
You puncture the orc priest! You burn the orc priest.
The orc priest is heavily wounded.
The goblin closely misses you.
The orc priest mumbles some strange prayers to Beogh against you.
Pain shoots through your body!
You die...

#.## ♣♣.
###....
#(# ♣..
#.... #.#
♣♣..
#..#.. #.#
♣.g#
#....#
#.#♣♣..#
#.####
#.#♣$g.#
#.
#.#♣...#
#.
#.))..g#.#
##
###♣o@..#
♣♣.......♣
♣♣....♣♣♣
♣♣♣♣♣


You could see an orc priest, 2 gnolls and a goblin.

Vanquished Creatures
  An orc wizard (D:3)
  A dart slug (D:2)
  4 orcs (D:3)
  A ball python (D:2)
  3 endoplasms
  A giant cockroach (D:1)
  3 goblins
  5 hobgoblins (D:2)
  5 kobolds
  5 bats
  3 frilled lizards
  3 rats
35 creatures vanquished.

Notes
Turn   | Place    | Note
-------+----------+-------------------------------------------
     0 | D:1      | Jakobjh the Merfolk Necromancer began the quest for the
                  | Orb.
     0 | D:1      | Reached XP level 1. HP: 13/13 MP: 3/3
   428 | D:1      | Reached XP level 2. HP: 19/19 MP: 5/5
   436 | D:1      | You fall into a shaft and drop 1 floor!
   850 | D:2      | Reached XP level 3. HP: 22/24 MP: 3/6
  1181 | D:3      | Identified the +9 dagger "Loynlidd" {flame, rPois}
  1206 | D:3      | Reached skill level 4 in Necromancy
  1206 | D:3      | Reached XP level 4. HP: 29/31 MP: 7/7
  1208 | D:3      | Reached skill level 1 in Short Blades
  1217 | D:3      | Killed from afar by an orc priest

Illustrated notes

Levels and vault maps discovered:
D:1:      dpeg_arrival_oval, layout_loops_ring
D:2:      layout_loops_ring, serial_glass, glass_columns_c, glass_columns_a,
          minmay_tripent, uniq_crazy_yiuf_cottage
D:3:      layout_rooms, kennysheep_potato

Skill      XL: |  1  2  3  4 |
---------------+-------------+-----
Dodging        | 3 |  3.0
Necromancy     | 4 |  4.0
Short Blades   | 1 |  1.1
Fighting       | |  0.5
Stealth        | |  2.5
Spellcasting   | |  2.5

Action                     |  1- 3 |  4- 6 || total
---------------------------+-------+-------++-------
  Melee: Dagger            |    40 |     8 ||    48
         Spear             |    10 |       ||    10
         Short sword       |    13 |       ||    13
   Cast: Necrotise         |    27 |       ||    27
   Stab: Sleeping          |     2 |       ||     2
 Armour: Robe              |    54 |     7 ||    61
  Dodge: Dodged            |    60 |     5 ||    65

Table legend: (Time is in decaauts)
 A = Elapsed time spent in this place.
 B = Non-inter-level travel time spent in this place.
 C = Inter-level travel time spent in this place.
 D = Time resting spent in this place.
 E = Time spent auto-exploring this place.
 F = Levels seen in this place.
 G = Mean time per level.
                   A        B        C        D        E       F      G
               +--------+--------+--------+--------+--------+-----+--------+
         Total |   1214 |   1205 |      9 |      0 |      0 |   3 |  404.7 |
       Dungeon |   1214 |   1205 |      9 |      0 |      0 |   3 |  404.7 |
               +--------+--------+--------+--------+--------+-----+--------+

Top non-repeatable levels by time:
     D:2: 552 daAuts
     D:1: 436 daAuts
     D:3: 226 daAuts
